 Dungeon Crawl Stone Soup version 0.17-b1-25-g6d8775f (webtiles) character file.

116 youngkai the Chopper (level 4, 0/60 HPs)
             Began as a Minotaur Berserker on Nov 6, 2015.
             Was a Priest of Trog.
             Succumbed to an adder's poison
             ... on level 3 of the Dungeon.
             The game lasted 00:04:24 (1247 turns).

youngkai the Chopper (Minotaur Berserker)           Turns: 1247, Time: 00:04:24

Health: 0/60       AC: 10    Str: 27    XL:     4   Next: 69%
Magic:  3/3        EV:  9    Int:  4    God:    Trog [***...]
Gold:   148        SH:  0    Dex: 10    Spells: 0 memorised, 3 levels left

rFire  . . .     SeeInvis .     a - +0 hand axe
rCold  . . .     Clarity  .     k - +0 chain mail
rNeg   . . .     SustAt   .     (no shield)
rPois  .         Gourm    .     (helmet restricted)
rElec  .         Spirit   .     (no cloak)
rCorr  .         Warding  .     y - +0 pair of gloves
rMut   .         Stasis   .     (no boots)
MR     .....                    (no amulet)
Stlth  ..........               (no ring)
                                (no ring)

@: berserking, lethally poisoned (0 -> -5), very quick, not resistant to hostile
enchantments, extremely unstealthy
A: retaliatory headbutt, horns 2
a: Berserk, Trog's Hand, Burn Spellbooks, Renounce Religion


You were on level 3 of the Dungeon.
You worshipped Trog.
Trog was most pleased with you.
You were hungry.

You visited 1 branch of the dungeon, and saw 3 of its levels.

You collected 148 gold pieces.

Inventory:

Hand Weapons
 a - a +0 hand axe (weapon)
Missiles
 t - a throwing net (quivered)
Armour
 g - a gold dragon hide
 k - a +0 chain mail (worn)
 y - a +0 pair of gloves (worn)
Scrolls
 b - a scroll of remove curse {unknown}
 f - a scroll of enchant weapon {unknown}
 h - 2 scrolls of teleportation {unknown}
 i - a scroll of fear {unknown}
 l - 2 scrolls of amnesia {unknown}
 q - a scroll of recharging {unknown}
 r - a scroll of magic mapping {unknown}
 v - a scroll of identify {unknown}
Potions
 d - a potion of lignification {unknown}
 e - a potion of brilliance {unknown}
 j - a potion of curing {unknown}
 m - a potion of heal wounds {unknown}
 n - a potion of beneficial mutation {unknown}
 o - a potion of flight {unknown}
 s - a potion of haste {unknown}
 w - 2 potions of agility {unknown}
Comestibles
 c - 2 bread rations
 p - 2 meat rations
 u - 2 chunks of flesh
 x - a beef jerky


   Skills:
 + Level 4.3 Fighting
 * Level 5.3 Axes
 + Level 3.8 Armour
 - Level 2.1 Dodging


You had 3 spell levels left.
You didn't know any spells.

Dungeon Overview and Level Annotations

Branches:
Dungeon (3/15)

Altars:
Vehumet
The Shining One


Innate Abilities, Weirdness & Mutations

You reflexively headbutt those who attack you in melee.
You have a pair of horns on your head.


Message History

* * * LOW HITPOINT WARNING * * *
Unknown command.
You are too injured to fight recklessly!
You are too injured to fight recklessly!
Unknown command.
You are too injured to fight recklessly!
A red film seems to cover your vision as you go berserk!
You feel yourself moving faster!
You feel mighty!
You are feeling hungry.
The adder bites you.
* * * LOW HITPOINT WARNING * * *
You are more poisoned.
The adder poisons you! The adder barely misses you. Something hits you.
* * * LOW HITPOINT WARNING * * *
Something shocks you.
* * * LOW HITPOINT WARNING * * *
You are too berserk!
You hit something. Your headbutt misses something. You miss the adder.
The adder is heavily wounded.
You die...

)......##.#.#
.......'....#######
.......#.#........#
.......#.#..#####.#
(......#.##..#
#.########
.......#.##..#
##.........
.......#.##..#
#.....####.
.......#......
#.###.#
.......#####..##@#
.# #...S{..# #
#.......# #.......#
###...... #.......
#.......# #.......#


You could see an adder.

Vanquished Creatures
  4 adders
  An ooze (D:1)
  2 worms (D:3)
  6 orcs
  3 hobgoblins
  11 jackals
  2 ball pythons
  8 bats
  3 giant cockroaches
  3 giant geckos
  2 giant newts (D:2)
  7 goblins
  6 kobolds
  5 rats
63 creatures vanquished.

Notes
Turn   | Place    | Note
--------------------------------------------------------------
     0 | D:1      | youngkai the Minotaur Berserker began the quest for the Orb.
     0 | D:1      | Reached XP level 1. HP: 19/19 MP: 0/0
    19 | D:1      | Reached skill level 4 in Axes
    55 | D:1      | Found a glowing golden altar of the Shining One.
    59 | D:1      | Reached XP level 2. HP: 20/27 MP: 1/1
   456 | D:1      | Reached ** piety under Trog
   542 | D:2      | Reached XP level 3. HP: 33/33 MP: 2/2
   738 | D:2      | Reached skill level 5 in Axes
   777 | D:2      | Reached XP level 4. HP: 40/40 MP: 3/3
   993 | D:3      | Found a radiant altar of Vehumet.
  1178 | D:3      | Reached *** piety under Trog
  1239 | D:3      | Noticed a sky beast
  1246 | D:3      | HP: 1/60 [something (5)]
  1247 | D:3      | Succumbed to an adder's poison

Action                   |  1- 3 |  4- 6 || total
-------------------------+-------+-------++-------
Melee: Hand axe          |    84 |    54 ||   138
Invok: Burn Spellbooks   |       |     1 ||     1
       Berserk           |       |     1 ||     1
  Eat: Chunk             |       |     1 ||     1
